AoeStats
← akris_mejo

Arena

510087044Analyzed
1v1 RM · 4d ago on Sep 29, 2026· 117m 37s· 2 players
Game mode
Random Map
Map size
Tiny (2 player)
Population
200
Speed
Normal
Resources
Standard
Victory
Conquest
Starting age
Dark Age
Ending age
Imperial Age
RankedLock teamsTeams togetherTeam positionsShared explorationLock speedFull tech treeHidden civsTurbo modeCheats
Victory
Defeat
🇺🇦 Slavs · Ukraine
693
+14
🇪🇸 Khitans · Spain
657
-14
akris_mejo
3:11 Loom
11:05 Feudal Age
12:17 Double-Bit Axe
18:47 Castle Age
18:01 Gold Mining
18:03 Stone Mining
18:38 Domestication
19:19 Forging
19:09 Scale Mail Armor
19:56 Stone Mining
21:03 Pastoralism
23:27 Wheelbarrow
23:54 Bow Saw
24:39 Stone Shaft Mining
26:23 Wheelbarrow
30:13 Imperial Age
28:20 Wheelbarrow
28:30 Chain Mail Armor
29:51 Iron Casting
32:50 Plate Mail Armor
31:47 Capped Ram
33:41 Conscription
35:34 Hand Cart
37:10 Two-Man Saw
36:26 Elite Liao Dao
38:20 Lamellar Armor
76:04 Guilds
78:44 Siege Ram
96:45 Pikeman
Dariy
10:35 Feudal Age
17:16 Castle Age
16:40 Horse Collar
16:49 Double-Bit Axe
22:56 Gold Mining
23:13 Heavy Plow
23:37 Bow Saw
24:23 Gold Shaft Mining
23:58 Stone Mining
27:42 Scale Mail Armor
27:53 Forging
27:50 Man-at-Arms
28:32 Long Swordsman
29:30 Chain Mail Armor
29:51 Iron Casting
38:54 Imperial Age
37:02 Wheelbarrow
36:14 Loom
36:15 Town Watch
40:18 Plate Mail Armor
40:51 Blast Furnace
40:31 Bloodlines
40:21 Husbandry
39:41 Light Cavalry
40:00 Two-Handed Swordsman
41:24 Cavalier
42:25 Hussar
44:12 Crossbowman
45:10 Padded Archer Armor
45:00 Fletching
50:58 Scale Barding Armor
51:09 Leather Archer Armor
50:49 Bodkin Arrow
52:59 Crop Rotation
53:24 Detinets
54:29 Chain Barding Armor
54:40 Ring Archer Armor
58:46 Plate Barding Armor
59:02 Hoardings
60:34 Murder Holes
61:40 Chemistry
61:00 Ballistics
67:30 Champion
97:17 Two-Man Saw
97:18 Hand Cart
97:04 Town Patrol
100:48 Elite Skirmisher
111:55 Conscription
113:15 Masonry
113:12 Siege Engineers
113:19 Fortified Wall
113:01 Guard Tower
Connection lost

Rejoining the realm…

Still unreachable

The connection could not be restored.

Session expired

The server has moved on; the page needs a fresh start.